 Dungeon Crawl Stone Soup version 0.23.1-37-gaa34b87 (webtiles) character file.

Game seed: 13502937883336191740

1253 myga the Magician (level 8, -3/45 HPs)
             Began as a Kobold Wizard on Mar 21, 2019.
             Was a Believer of Fedhas.
             Shot with an arrow by a centaur (15 damage)
             ... on level 5 of the Dungeon on Mar 22, 2019.
             The game lasted 00:32:14 (5187 turns).

myga the Magician (Kobold Wizard)                   Turns: 5187, Time: 00:32:17

Health: -3/45      AC:  2    Str:  6    XL:     8   Next: 80%
Magic:  12/17      EV: 17    Int: 21    God:    Fedhas [**....]
Gold:   272        SH:  0    Dex: 16    Spells: 6/19 levels left

rFire    + . .     SeeInvis .   h - +2 dagger (venom)
rCold    . . .     Gourm    .   (shield restricted)
rNeg     . . .     Faith    .   m - +0 robe {rF+}
rPois    .         Spirit   .   b - +0 hat
rElec    .         Reflect  .   (no cloak)
rCorr    .         Harm     .   (no gloves)
MR       .....                  (no boots)
Stlth    +++.......             (no amulet)
HPRegen  0.15/turn              s - +2 ring of dexterity
MPRegen  0.15/turn              q - +2 ring of intelligence

@: lethally poisoned (-3 -> -4)
A: small, carnivore
a: Fungal Bloom, Sunlight, Evolution, Renounce Religion


You were on level 5 of the Dungeon.
You worshipped Fedhas.
Fedhas was pleased with you.
You were full.

You visited 1 branch of the dungeon, and saw 5 of its levels.
You also visited: Sewer.

You collected 272 gold pieces.

Inventory:

Hand Weapons
 h - a +2 dagger of venom (weapon)
 x - a +0 dagger
Missiles
 e - 193 stones (quivered)
Armour
 a - a +0 robe
 b - a +0 hat (worn)
 m - a +0 robe of fire resistance (worn)
Jewellery
 n - an uncursed ring of fire
 o - an uncursed ring of flight
 p - an uncursed ring of teleportation
 q - a +2 ring of intelligence (right hand)
 s - a +2 ring of dexterity (left hand)
 y - an uncursed ring of flight
Wands
 w - a wand of flame (13)
Scrolls
 c - 2 scrolls of remove curse
 f - 2 scrolls of amnesia
 i - a scroll of noise
 k - 2 scrolls of magic mapping
 l - 2 scrolls of teleportation
 t - a scroll of blinking
Potions
 g - 3 potions of flight
 j - 2 potions of curing
 r - a potion of degeneration {unknown}
 u - a potion of haste
 v - a potion of lignification {unknown}
Comestibles
 d - 6 rations


   Skills:
 + Level 2.7 Fighting
 + Level 4.9 Short Blades
 + Level 0.8 Throwing
 + Level 4.6 Dodging
 + Level 4.4 Stealth
 + Level 6.4 Spellcasting
 + Level 4.1 Conjurations
 + Level 0.7 Hexes
 + Level 2.2 Summonings
 + Level 1.7 Translocations
 + Level 0.2 Fire Magic


You had 6 spell levels left.
You knew the following spells:

 Your Spells              Type           Power        Failure   Level  Hunger
a - Magic Dart            Conj           ###.         1%          1    None
b - Call Imp              Summ           ###.....     5%          2    None
c - Slow                  Hex            #.......     11%         2    None
d - Blink                 Tloc           N/A          7%          2    None
e - Conjure Flame         Conj/Fire      ###.....     12%         3    #......
f - Mephitic Cloud        Conj/Pois/Air  ##......     16%         3    #......

Your spell library contained the following spells:

 Spells                   Type           Power        Failure   Level  Hunger


Dungeon Overview and Level Annotations

Branches:
Dungeon (5/15)
 Temple: D:4-7

Altars:
Ashenzari
Elyvilon
Fedhas
Zin
The Shining One

Annotations:
D:5 Eustachio


Innate Abilities, Weirdness & Mutations

You are small and have problems with some larger weapons.
You are carnivorous and can eat meat at any time.


Message History

Aiming: Magic Dart (safe; 1% risk of failure)
Press: ? - help, Shift-Dir - straight line, f/p - centaur
Aim: a centaur, wielding a +0 shortbow (lightly wounded)
The magic dart hits the centaur.
The centaur is moderately wounded.
You feel sick.
The centaur shoots an arrow.
The arrow hits you.
* * * LOW HITPOINT WARNING * * *
The centaur shoots an arrow.
The arrow misses you.
Casting: Magic Dart (safe; 1% risk of failure)
Confirm with . or Enter, or press ? or * to list all spells.
Aiming: Mephitic Cloud (safe; 16% risk of failure)
Press: ? - help, Shift-Dir - straight line, f/p - centaur
Aim: a centaur, wielding a +0 shortbow (moderately wounded)
The ball explodes into a vile cloud!
The stinking cloud engulfs the centaur but does no damage.
The centaur is moderately wounded.
The centaur is engulfed in noxious fumes.
The centaur shoots an arrow.
The arrow hits you!
You die...
Fedhas appreciates your contribution to the ecosystem.

#####.##### #..#
#(# ### #### ##.#
####.### #.. ..#
#.# #......# #.#
#.# #.# #.##.#c#
#.# #.########.#
#.##.#.# #.#
#..........#
#.##.#.###.#
#.##########
#......○c..#####.#
##########@(.....#
#########


You could see a centaur.

Vanquished Creatures
  Pikel (D:4)
  A water moccasin (D:5)
  A slave (D:4)
  An ogre (D:5)
  Blork the orc (D:5)
  A big kobold (Sewer)
  A scorpion (D:4)
  A crimson imp (D:5)
  An orc wizard (D:4)
  A hound (D:4)
  A bullfrog skeleton (D:5)
  3 worker ants
  A worker ant zombie (D:3)
  5 adders
  4 gnolls (D:5)
  2 river rats (Sewer)
  A shadow imp (D:5)
  3 worms
  2 dart slugs (D:1)
  2 leopard geckos
  5 orcs (D:4)
  6 giant cockroaches
  11 goblins
  8 hobgoblins
  5 jackals
  5 quokkas
  14 bats
  5 frilled lizards
  5 kobolds
  A quokka skeleton (D:5)
  11 rats
  A toadstool (D:5)
111 creatures vanquished.

Vanquished Creatures (collateral kills)
  A centaur skeleton (D:4)
  An orc (D:4)
2 creatures vanquished.

Vanquished Creatures (others)
  47 toadstools
47 creatures vanquished.

Grand Total: 160 creatures vanquished

Notes
Turn   | Place    | Note
-------+----------+-------------------------------------------
     0 | D:1      | myga the Kobold Wizard began the quest for the Orb.
     0 | D:1      | Reached XP level 1. HP: 10/10 MP: 4/4
   137 | D:1      | Reached XP level 2. HP: 13/15 MP: 1/6
   159 | D:1      | Learned a level 2 spell: Call Imp
   546 | D:1      | Learned a level 2 spell: Slow
   572 | D:1      | Reached skill level 1 in Short Blades
   686 | D:1      | Reached XP level 3. HP: 15/19 MP: 4/8
  1141 | D:1      | Learned a level 2 spell: Blink
  1593 | D:2      | Found a blossoming altar of Fedhas.
  1615 | D:2      | Became a worshipper of Fedhas Madash
  1657 | D:2      | Reached XP level 4. HP: 24/24 MP: 3/9
  2133 | D:3      | Reached skill level 4 in Spellcasting
  2402 | D:3      | Found a glowing silver altar of Zin.
  2402 | D:3      | Found a shattered altar of Ashenzari.
  2433 | D:3      | Reached XP level 5. HP: 14/28 MP: 2/11
  2512 | D:3      | Found a glowing golden altar of the Shining One.
  2569 | D:3      | Found a white marble altar of Elyvilon.
  2594 | D:3      | Learned a level 3 spell: Conjure Flame
  2622 | D:3      | Reached skill level 1 in Fighting
  3013 | D:3      | Reached * piety under Fedhas
  3205 | D:4      | Noticed Pikel
  3205 | D:4      | Noticed a slave
  3205 | D:4      | Noticed a slave
  3205 | D:4      | Noticed a slave
  3205 | D:4      | Noticed a slave
  3245 | D:4      | Killed a slave
  3635 | D:4      | Reached XP level 6. HP: 27/35 MP: 7/12
  3813 | D:4      | Found a glowing drain.
  3818 | Sewer    | Entered a sewer
  3923 | Sewer    | Reached XP level 7. HP: 35/40 MP: 2/14
  3935 | Sewer    | Found a white marble altar of Elyvilon.
  4115 | D:4      | Killed Pikel
  4115 | D:4      | Reached skill level 5 in Spellcasting
  4115 | D:4      | Reached XP level 8. HP: 26/45 MP: 13/16
  4395 | D:5      | Entered Level 5 of the Dungeon
  4436 | D:5      | Learned a level 3 spell: Mephitic Cloud
  4629 | D:5      | Reached skill level 6 in Spellcasting
  4630 | D:5      | Reached ** piety under Fedhas
  4894 | D:5      | Noticed Blork the orc
  4903 | D:5      | Killed Blork the orc
  4982 | D:5      | Noticed Eustachio
  5187 | D:5      | Shot with an arrow by a centaur

Skill      XL: |  1  2  3  4  5  6  7  8 |
---------------+-------------------------+-----
Stealth        | 3 4 |  4.4
Dodging        | 3 4 |  4.6
Short Blades   | 1 2 4 |  4.9
Spellcasting   | 4 5 6 |  6.4
Fighting       | 2 |  2.7
Conjurations   | 2 3 4 |  4.1
Summonings     | 2 |  2.2
Throwing       | |  0.8
Hexes          | |  0.7
Translocations | |  1.7
Fire Magic     | |  0.2

Action                   |  1- 3 |  4- 6 |  7- 9 || total
-------------------------+-------+-------+-------++-------
Melee: Short sword       |    17 |       |       ||    17
       Dagger            |    44 |   114 |    59 ||   217
Throw: Stone             |     2 |     4 |     4 ||    10
 Cast: Magic Dart        |    39 |    69 |    50 ||   158
       Call Imp          |     2 |     7 |     1 ||    10
       Blink             |       |     2 |     3 ||     5
       Slow              |       |     1 |     1 ||     2
       Conjure Flame     |       |     1 |     3 ||     4
       Mephitic Cloud    |       |       |     2 ||     2
Invok: Fungal Bloom      |     1 |    15 |     8 ||    24
  Use: Scroll            |     5 |     5 |       ||    10
       Potion            |       |       |     4 ||     4
 Stab: Sleeping          |     4 |     8 |     2 ||    14
  Eat: Chunk             |    11 |     1 |     6 ||    18
Armor: Robe              |    10 |    10 |     2 ||    22
Dodge: Dodged            |    36 |    96 |    45 ||   177
